 Seeded DCSS version 0.30-a0-930-gb9d0489357 (webtiles) character file.

Game seed: 3125986916090331667 (custom seed)

9 Parcival the Trooper (level 2, 0/24 HPs)
             Began as a Human Fighter on Mar 23, 2023.
             Slain by an endoplasm (1 damage)
             ... on level 1 of the Dungeon.
             The game lasted 00:01:29 (342 turns).

Parcival the Trooper (Human Fighter)                 Turns: 342, Time: 00:01:30

Health: 0/24       AC:  9    Str: 16    XL:     2   Next: 20%
Magic:  2/2        EV:  8    Int:  8    God:
Gold:   27         SH:  4    Dex: 12    Spells: 1/1 levels left

rFire   . . .      SeeInvis +    a - +0 trident
rCold   . . .      Faith    .    c - +0 buckler
rNeg    . . .      Spirit   .    b - +0 scale mail
rPois   .          Reflect  .    (no helmet)
rElec   .          Rampage  .    e - +2 cloak of the Thief {*Fog Slay-2 SInv Stlth+}
rCorr   .                        (no gloves)
Will    .....                    (no boots)
Stlth   +                        (no amulet)
HPRegen 0.24/turn                (no ring)
MPRegen 0.08/turn                (no ring)

@: no status effects
A: no striking features
a: no special abilities


You were on level 1 of the Dungeon.
You visited 1 branch of the dungeon, and saw 1 of its levels.

You collected 27 gold pieces.

Inventory:

Hand Weapons
 a - a +0 trident (weapon)
Armour
 b - a +0 scale mail (worn)
 c - a +0 buckler (worn)
 e - the +2 cloak of the Thief (worn) {*Fog Slay-2 SInv Stlth+}
   (You acquired it on level 1 of the Dungeon)

   *Fog:      It may release a thick cloud of smoke when the wearer is hurt.
   Slay:      It affects your accuracy & damage with ranged weapons and melee
   (-2).
   SInv:      It lets you see invisible.
   Stlth:     It makes you more stealthy.
Potions
 d - a potion of might


   Skills:
 + Level 3.2 Fighting
 + Level 2.1 Polearms
 + Level 3.1 Armour
 + Level 3.1 Shields


You had one spell level left.
You didn't know any spells.
Your spell library was empty.

Dungeon Overview and Level Annotations

Branches:
Dungeon (1/15)

Altars:


Message History

You are frozen.
The endoplasm hits you but does no damage.
You block the gnoll's attack. The gnoll barely misses you.
The endoplasm freezes you.
You are frozen.
With a swish of your cloak, you release a cloud of fog.
The gnoll hits you with a +0 flail. The gnoll attacks as you move away!
The gnoll hits you but does no damage. The gnoll attacks as you move away!
The gnoll completely misses you.
You see here a +0 spear.
The gnoll attacks as you move away! The gnoll hits you but does no damage.
The endoplasm attacks as you move away! The endoplasm barely misses you.
You closely miss the gnoll. The endoplasm barely misses you.
The gnoll barely misses you.
The endoplasm hits you but does no damage.
The gnoll hits you with a +0 flail!
With a swish of your cloak, you release a cloud of fog.
You hit the endoplasm.
The endoplasm is almost dead.
The gnoll hits you with a +0 flail!
* * * LOW HITPOINT WARNING * * *
With a swish of your cloak, you release a cloud of fog.
The endoplasm barely misses you.
You barely miss the endoplasm.
The endoplasm is almost dead.
The endoplasm freezes you.
You are frozen.
* * * LOW HITPOINT WARNING * * *
The gnoll closely misses you.
You hit the endoplasm but do no damage.
The endoplasm is almost dead.
The endoplasm freezes you.
You are frozen.
* * * LOW HITPOINT WARNING * * *
The gnoll hits you but does no damage. The gnoll hits you with a +0 flail.
* * * LOW HITPOINT WARNING * * *
With a swish of your cloak, you release a cloud of fog.
The endoplasm hits you.
You die...

##......# #........
#.#
#....##.###>###....
#.######
.######.....# ..
#......# ## #####.#
#......# #.# #......#
#.# #########.....#
#.#####§§§....#.....#
#...§§§§##§##.###.###
#...§§@J#§§§#§###.#
#.####§g§§§§§§§...#
#....§§§§.§§§§#####
#.####...§....#
#........#
...###.#### ##### ###


You could see a gnoll and an endoplasm.

Vanquished Creatures
  An endoplasm (D:1)
  2 goblins (D:1)
  A hobgoblin (D:1)
  2 kobolds (D:1)
  A ball python (D:1)
  2 rats (D:1)
9 creatures vanquished.

Notes
Turn   | Place    | Note
-------+----------+-------------------------------------------
     0 | D:1      | Parcival the Human Fighter began the quest for the Orb.
     0 | D:1      | Reached XP level 1. HP: 18/18 MP: 1/1
    19 | D:1      | Identified a scroll of acquirement
    28 | D:1      | Acquired the +2 cloak of the Thief {*Fog Slay-2 SInv
                  | Stlth+}
    28 | D:1      | Found the +2 cloak of the Thief {*Fog Slay-2 SInv Stlth+}
   100 | D:1      | Reached XP level 2. HP: 24/24 MP: 2/2
   342 | D:1      | HP: 1/24 [gnoll/+0 flail (3)]
   342 | D:1      | Slain by an endoplasm

Illustrated notes

Levels and vault maps discovered:
D:1:      amcnicky_arrival_single_pillar, layout_loops_cross,
          hangedman_glass_garden

Action                     || total
---------------------------++-------
  Melee: Trident           ||    36
    Use: Scroll            ||     1
 Armour: Scale mail        ||    45
  Dodge: Dodged            ||    39
  Block: Buckler           ||    26

Table legend: (Time is in decaauts)
 A = Elapsed time spent in this place.
 B = Non-inter-level travel time spent in this place.
 C = Inter-level travel time spent in this place.
 D = Time resting spent in this place.
 E = Time spent auto-exploring this place.
 F = Levels seen in this place.
 G = Mean time per level.
                   A        B        C        D        E       F      G
               +--------+--------+--------+--------+--------+-----+--------+
         Total |    349 |    349 |      0 |      0 |    155 |   1 |  349.0 |
       Dungeon |    349 |    349 |      0 |      0 |    155 |   1 |  349.0 |
               +--------+--------+--------+--------+--------+-----+--------+

Top non-repeatable levels by time:
     D:1: 349 daAuts
